 Dungeon Crawl Stone Soup version 0.21-a0-113-g6841d05 (webtiles) character file.

385 GordonOverkill the Skirmisher (level 6, -2/56 HPs)
             Began as a Minotaur Arcane Marksman on July 12, 2017.
             Killed by nerve-wracking pain
             ... invoked by an orc priest
              (10 damage)
             ... on level 4 of the Dungeon.
             The game lasted 00:07:27 (3655 turns).

GordonOverkill the Skirmisher (MiAM)                Turns: 3655, Time: 00:07:27

Health: -2/56      AC: 10    Str: 16    XL:     6   Next: 48%
Magic:  6/6        EV:  7    Int: 10    God:
Gold:   118        SH:  0    Dex: 11    Spells: 6/7 levels left

rFire    . . .     SeeInvis .   j - +0 war axe
rCold    . . .     Gourm    .   (no shield)
rNeg     . . .     Faith    .   m - +0 chain mail
rPois    .         Spirit   .   (helmet restricted)
rElec    .         Reflect  .   (no cloak)
rCorr    .         Harm     .   (no gloves)
MR       .....                  h - +0 pair of boots
Stlth    ..........             (no amulet)
HPRegen  0.18/turn              (no ring)
MPRegen  0.10/turn              (no ring)

@: no status effects
A: retaliatory headbutt, horns 2
a: no special abilities


You were on level 4 of the Dungeon.
You were not hungry.

You visited 1 branch of the dungeon, and saw 4 of its levels.

You collected 118 gold pieces.

Inventory:

Hand Weapons
 j - a +0 war axe (weapon)
 x - a +0 mace
Missiles
 c - 5 javelins (quivered)
 d - 2 throwing nets
Armour
 h - a +0 pair of boots (worn)
 m - a +0 chain mail (worn)
 r - a +0 plate armour
Scrolls
 e - 2 scrolls of identify
 g - a scroll of recharging {unknown}
 l - a scroll of blinking {unknown}
 t - a scroll of fear {unknown}
 w - 2 scrolls of remove curse {unknown}
Potions
 i - a potion of degeneration
 n - a potion of curing
 o - a potion of magic
 p - a potion of flight {unknown}
 s - a potion of mutation {unknown}
 u - a potion of invisibility {unknown}
 v - a potion of haste {unknown}
 z - a potion of cancellation {unknown}
Books
 b - a book of Debilitation

   Spells                             Type                      Level
   a - Corona                         Hexes                        1
   b - Slow                           Hexes                        2
   c - Inner Flame                    Hexes/Fire                   3
   d - Portal Projectile              Hexes/Translocation          3
   e - Cause Fear                     Hexes                        4
   f - Leda's Liquefaction            Hexes/Earth                  4
 y - a book of Cantrips

   Spells                             Type                      Level
   a - Confusing Touch                Hexes                        1
   b - Animate Skeleton               Necromancy                   1
   c - Summon Small Mammal            Summoning                    1
   d - Apportation                    Translocation                1
Comestibles
 f - 2 bread rations
 k - 2 meat rations
 q - a fruit


   Skills:
 - Level 5.3 Fighting
 + Level 4.7 Axes
 - Level 2.0 Throwing
 - Level 3.1 Armour
 - Level 2.1 Dodging
 - Level 1.0 Spellcasting
 - Level 2.0 Hexes


You had 6 spell levels left.
You knew the following spells:

 Your Spells              Type           Power        Failure   Level  Hunger
a - Corona                Hex            #......      95%         1    ##.....


Dungeon Overview and Level Annotations

Branches:
Dungeon (4/15)
 Temple: D:4-7

Altars:
Kikubaaqudgha


Innate Abilities, Weirdness & Mutations

You reflexively headbutt those who attack you in melee.
You have a pair of horns on your head.


Message History

The orc priest calls down the wrath of Beogh upon you.
You barely resist.
You hit the orc priest but do no damage.
Your headbutt misses the orc priest.
The orc priest is almost dead.
The orc priest invokes the aid of Beogh against you.
Beogh smites you!
* * * LOW HITPOINT WARNING * * *
You closely miss the orc priest. Your headbutt misses the orc priest.
The orc priest is almost dead.
The orc priest hits you but does no damage.
You completely miss the orc priest.
The orc priest is almost dead.
The orc priest hits you but does no damage.
You closely miss the orc priest.
The orc priest is almost dead.
The orc priest hits you but does no damage.
The orc priest invokes the aid of Beogh against you.
Pain shoots through your body!
You die...

###.####..######
................
###.####..######
##...##
#.###.....#
#.[......##
#######.## #.#
#@# #o# ...
..... .......
.........
+..........
#.........##


You could see an orc priest.

Vanquished Creatures
  A hound (D:4)
  An orc wizard (D:3)
  4 orc priests
  Natasha (thrice) (D:2)
  5 adders
  An ooze (D:1)
  3 worms
  4 leopard geckos
  2 orcs
  2 ball pythons
  3 giant cockroaches
  5 goblins
  6 hobgoblins
  9 jackals
  4 kobolds
  2 quokkas
  12 bats
  6 frilled lizards
  A jackal skeleton (D:4)
  5 rats (D:1)
79 creatures vanquished.

Notes
Turn   | Place    | Note
-------+----------+-------------------------------------------
     0 | D:1      | GordonOverkill the Minotaur Arcane Marksman began the quest for the Orb.
     0 | D:1      | Reached XP level 1. HP: 16/16 MP: 1/1
   133 | D:1      | Reached skill level 2 in Fighting
   216 | D:1      | Reached XP level 2. HP: 16/25 MP: 2/2
   822 | D:1      | Reached skill level 3 in Fighting
  1045 | D:1      | Reached XP level 3. HP: 30/31 MP: 3/3
  1295 | D:2      | Reached skill level 4 in Fighting
  1536 | D:2      | Noticed Natasha
  1546 | D:2      | Killed Natasha
  1546 | D:2      | Reached skill level 1 in Armour
  1546 | D:2      | Reached XP level 4. HP: 36/41 MP: 4/4
  1623 | D:2      | Noticed Natasha
  1628 | D:2      | Killed Natasha
  1779 | D:2      | Found a faded altar of an unknown god.
  1933 | D:2      | Reached skill level 5 in Fighting
  2038 | D:2      | Noticed Natasha
  2062 | D:2      | Killed Natasha
  2062 | D:2      | Reached XP level 5. HP: 21/48 MP: 5/5
  2724 | D:3      | Found an ancient bone altar of Kikubaaqudgha.
  2959 | D:3      | Reached skill level 1 in Axes
  2975 | D:3      | Reached XP level 6. HP: 31/56 MP: 6/6
  3655 | D:4      | Killed from afar by an orc priest

Vault maps used:
D:1:      saegor_arrival_under_anarchy
D:2:      wad_pebble_path, chequers_ecumenical_altar_island, st_stairs_6,
          uniq_natasha
D:3:      lemuel_crystal_altar, first_bread

Skill      XL: |  1  2  3  4  5  6 |
---------------+-------------------+-----
Fighting       | 2 3 4 5 |  5.3
Armour         | 1 2 3 |  3.1
Axes           | 3 4 |  4.7
Throwing       | |  2.0
Dodging        | |  2.1
Spellcasting   | |  1.0
Hexes          | |  2.0

Action                   |  1- 3 |  4- 6 || total
-------------------------+-------+-------++-------
Melee: Dagger            |    96 |    23 ||   119
       Headbutt          |    16 |    28 ||    44
       Spear             |       |    65 ||    65
       Hand axe          |       |    49 ||    49
       War axe           |       |    35 ||    35
  Use: Scroll            |     3 |     1 ||     4
       Potion            |       |     1 ||     1
 Stab: Sleeping          |     2 |       ||     2
  Eat: Chunk             |     2 |     7 ||     9
Armor: Robe              |    23 |       ||    23
       Chain mail        |    12 |   102 ||   114
Dodge: Dodged            |    55 |    74 ||   129
